 Dungeon Crawl Stone Soup version 0.22-a0-362-g535178c (webtiles) character file.

27 4thArraOfDagon the Grave Robber (level 2, -4/11 HPs)
             Began as a Felid Necromancer on Apr 19, 2018.
             Slain by an adder (5 damage)
             ... on level 2 of the Dungeon.
             The game lasted 00:01:24 (361 turns).

4thArraOfDagon the Grave Robber (Felid Necromancer)  Turns: 361, Time: 00:01:25

Health: -4/11      AC:  1    Str:  4    XL:     2   Next: 93%
Magic:  3/6        EV: 18    Int: 16    God:
Gold:   0          SH:  0    Dex: 16    Spells: 4/5 levels left
                                        Lives:  0   Deaths: 0

rFire    . . .     SeeInvis +   (weapon unavailable)
rCold    . . .     Gourm    .   (shield unavailable)
rNeg     . . .     Faith    .   (armour unavailable)
rPois    .         Spirit   .   (helmet unavailable)
rElec    .         Reflect  .   (cloak unavailable)
rCorr    .         Harm     .   (gloves unavailable)
MR       .....                  (boots unavailable)
Stlth    +++.......             (no amulet)
HPRegen  0.03/turn              (no ring)
MPRegen  0.10/turn              (no ring)

@: quick
A: very small, no armour, no weapons or thrown items, stealth, claws 1, fangs 3,
see invisible, carnivore, speed 1, shaggy fur 1, slow metabolism 1, sharp paws
a: no special abilities


You were on level 2 of the Dungeon.
You were very full.

You visited 1 branch of the dungeon, and saw 2 of its levels.

Inventory:

Scrolls
 a - a scroll of enchant armour {unknown}
Comestibles
 b - 3 rations


   Skills:
 - Level 2.6 Dodging
 - Level 2.6 Stealth
 + Level 2.4 Spellcasting
 * Level 4.6 Necromancy


You had 4 spell levels left.
You knew the following spells:

 Your Spells              Type           Power        Failure   Level  Hunger
a - Pain                  Necr           ###.         3%          1    #......


Dungeon Overview and Level Annotations

Branches:
Dungeon (2/15)

Altars:


Innate Abilities, Weirdness & Mutations

You cannot wear armour.
You are incapable of wielding weapons or throwing items.
Your paws allow you to move quietly. (Stealth)
You have sharp claws.
You have razor-sharp teeth.
You have supernaturally acute eyesight. (SInv)
You are carnivorous and can eat meat at any time.
You cover ground quickly.
You are covered in fur. (AC +1)
You have a slow metabolism.
Your sharp claws are effective at attacking unaware monsters.


Message History

You can't see any susceptible monsters within range! (Use Z to cast anyway.) Unknown command.
An adder comes into view.
The adder hisses angrily.
You aren't carrying any potions.
You see here a robe.
There is a stone staircase leading down here.
Casting: Pain (safe; 3% risk of failure)
Confirm with . or Enter, or press ? or * to list all spells.
Aiming: Pain (safe; 3% risk of failure)
Press: ? - help, Shift-Dir - straight line, f - adder
Aim: an adder (chance to defeat MR: 81%)
The adder writhes in agony!
The adder misses you.
Casting: Pain (safe; 3% risk of failure)
Confirm with . or Enter, or press ? or * to list all spells.
Aiming: Pain (safe; 3% risk of failure)
Press: ? - help, Shift-Dir - straight line, f/p - adder
Aim: an adder (moderately wounded, chance to defeat MR: 81%)
The adder writhes in agony!
The adder bites you.
You die...

########..............
.[.........###.###...
########.#.# #.# #.#.#
#.# #.#.###.######.##
#.#.##......[....
#.#.##..#.####.## ####
###.#......S.......
...............#@####.##
..#.###..###..........#
..# #...
#..##.########.. ..# ##.
#..##.##...w.... ## #.
#..##.##.# # #..##.##.#
#####....## #.....#
#.....#


You could see an adder.

Vanquished Creatures
  An adder (D:2)
  An ooze (D:2)
  2 bats
  A giant cockroach (D:2)
  A hobgoblin (D:1)
  3 jackals (D:1)
  A kobold (D:1)
  5 rats
15 creatures vanquished.

Notes
Turn   | Place    | Note
-------+----------+-------------------------------------------
     0 | D:1      | 4thArraOfDagon the Felid Necromancer began the quest for the Orb.
     0 | D:1      | Reached XP level 1. HP: 7/7 MP: 4/4
   158 | D:1      | Reached XP level 2. HP: 2/11 MP: 3/6
   361 | D:2      | Slain by an adder

Vault maps used:
D:1:      lemuel_arrival_room, minmay_misc_feat_rows
D:2:      cheibrodos_fertilizer, marbit_many_paths, lemuel_crystal_altar

Action                   || total
-------------------------++-------
Melee: Unarmed           ||     9
 Cast: Pain              ||    27
  Use: Potion            ||     2
 Stab: Sleeping          ||     1
  Eat: Chunk             ||     6
Dodge: Dodged            ||    11

Table legend:
 A = Spawn XP
 B = Non-spawn XP
 C = Spawn XP percentage of total XP
 D = Spawn monster count
 E = Non-spawn monster count
 F = Spawn count percentage of total count
 G = Total turns spent on level
                    A         B        C        D         E        F      G
               +---------+---------+-------+---------+---------+-------+---------
         Total |       0 |      39 |   0.0 |       0 |      15 |   0.0 |   361
               +---------+---------+-------+---------+---------+-------+---------
           D:1 |       0 |      15 |   0.0 |       0 |      10 |   0.0 |   204
           D:2 |       0 |      24 |   0.0 |       0 |       5 |   0.0 |   157
               +---------+---------+-------+---------+---------+-------+---------
